 Dungeon Crawl Stone Soup version 0.31.0-12-g77e489cdc1 (webtiles) character file.

Game seed: 1441024203795088546

1135 CrazyMind the Geomancer (level 8, -7/41 HPs)
             Began as a Deep Elf Earth Elementalist on Feb 18, 2024.
             Was an Initiate of Gozag.
             Mangled by Pikel
             ... wielding a +1 whip of flaming
              (13 damage)
             ... on level 6 of the Dungeon.
             The game lasted 00:32:21 (5819 turns).

CrazyMind the Geomancer (DEEE)                      Turns: 5819, Time: 00:32:22

Health: -7/41      AC:  3    Str:  7    XL:     8   Next: 14%
Magic:  15/21      EV: 13    Int: 21    God:    Gozag
Gold:   226        SH:  0    Dex: 15    Spells: 11/22 levels left

rFire   . . .        c - +0 dagger (spect)
rCold   . . .        (no shield)
rNeg    . . .        a - +1 robe
rPois   .            (no helmet)
rElec   .            (no cloak)
rCorr   +            (no gloves)
SInv    .            (no boots)
Will    .....        (no amulet)
Stlth   +++          o - ring of resist corrosion
HPRegen 0.26/turn    (no ring)
MPRegen 0.17/turn

%: no passive effects
@: no status effects
A: no striking features
a: Renounce Religion, Potion Petition, Call Merchant, Bribe Branch


You were on level 6 of the Dungeon.
You worshipped Gozag.
Gozag was aware of your devotion.
You visited 1 branch of the dungeon, and saw 6 of its levels.

You collected 288 gold pieces.
You paid 62 gold pieces to Gozag.

Inventory:

Hand Weapons
 c - a +0 spectral dagger (weapon)
 A - a +0 rapier
Missiles
 i - 7 boomerangs (quivered)
 s - 2 datura-tipped darts
 C - 4 poisoned darts
Armour
 a - a +1 robe (worn)
 k - a +0 cloak
 r - a +1 ring mail of positive energy
Jewellery
 o - a ring of resist corrosion (left hand)
 y - a ring of ice
Talismans
 m - a flux talisman
Wands
 q - a wand of paralysis (7)
 v - a wand of flame (3)
Scrolls
 f - a scroll of vulnerability
 t - 3 scrolls of enchant armour
Potions
 b - a potion of magic
 n - a potion of mutation {unknown}
 u - a potion of cancellation
 w - a potion of enlightenment {unknown}
 x - a potion of degeneration {unknown}
 z - a potion of might {unknown}


   Skills:
 + Level 0.1 Fighting
 + Level 2.7 Dodging
 + Level 3.8 Stealth
 + Level 7.6 Spellcasting
 * Level 4.0 Conjurations
 * Level 8.0 Earth Magic


You had 11 spell levels left.
You knew the following spells:

 Your Spells              Type           Power      Damage    Failure   Level
a - Sandblast             Erth           82%        2d17      1%          1
b - Brom's Barrelling Bo  Conj/Erth      33%        2d5       7%          4
c - Stone Arrow           Conj/Erth      66%        3d11      1%          3
p - Passwall              Erth           41%        N/A       1%          3

Your spell library contained the following spells:

 Spells                   Type           Power      Damage    Failure   Level
 Momentum Strike          Conj/Tloc      32%        3d8       5%          2
 Blink                    Tloc           14%        N/A       13%         2
 Lesser Beckoning         Tloc           14%        N/A       13%         2
 Petrify                  Alch/Erth      24%        N/A       16%         4
 Tukima's Dance           Hex            7%         N/A       26%         3
 Passage of Golubria      Tloc           7%         N/A       63%         4
 Summon Forest            Summ/Tloc      3%         N/A       93%         5
 Summon Mana Viper        Hex/Summ       7%         N/A       93%         5
 Yara's Violent Unravell  Hex/Alch       3%         3d4       93%         5
 Summon Cactus Giant      Summ           3%         N/A       100%        6


Dungeon Overview and Level Annotations

Branches:
Dungeon (6/15) Zot: 26832  Temple (0/1) D:6

Altars:
Dithmenos
Gozag
Nemelex Xobeh
Okawaru
Ru
Trog
Wu Jian
Zin

Shops:
D:2 (   D:4 *

Annotations:
D:6 Menkaure, Pikel


Message History

The blast of sand hits the orc!!
You kill the orc!
The kobold brigand shouts!
The adder is no longer distracted by gold.
The orc is distracted by your dazzling golden aura.
Casting: Sandblast (safe; 1% risk of failure)
Confirm with . or Enter, or press ? or * to list all spells.
Aiming: Sandblast (safe; 1% risk of failure)
Press: ? - help, Shift-Dir - straight line, f - orc
Aim: an orc, wielding a +0 whip and wearing a +0 ring mail (87% to hit)
The blast of sand hits the orc but does no damage.
The orc shouts!
You hear a shout!
The kobold is no longer distracted by gold.
The orc is no longer distracted by gold.
The orc barely misses you. x3
The orc wizard is distracted by your dazzling golden aura.
The orc closely misses you.
The orc is distracted by your dazzling golden aura.
The orc misses you.
The orc shouts!
The orc wizard shouts!
You hear a shout!
Casting: Sandblast (safe; 1% risk of failure)
Confirm with . or Enter, or press ? or * to list all spells.
Aiming: Sandblast (safe; 1% risk of failure)
Press: ? - help, Shift-Dir - straight line, f/p - orc
Aim: an orc, wielding a +0 whip and wearing a +0 ring mail (87% to hit)
The blast of sand hits the orc.
The orc is almost dead.
The kobold brigand is no longer distracted by gold.
The orc wizard is no longer distracted by gold.
Pikel waves his whip at you. The orc barely misses you.
The orc hits you with a +0 club.
* * * LOW HITPOINT WARNING * * *
The orc hits you with a +0 whip.
* * * LOW HITPOINT WARNING * * *
An orc comes into view.
It is wielding a +1 flail of protection.
A lemure comes into view.
Pikel hits you with a +1 whip of flaming!
You die...
Pikel says, "See you in Hell!"
Your body crumbles into a pile of gold.

,,* #####.#.......#***,,,*,,,,*
,,* #####.....5##.###*,,,**,,,,
,,*** #####...KKo.....,,,,,,,,,,,
,,,,**##.##......#..###,,,,,,,,,,
,,,,,,..........o5.....,,,,,,,,,,
,,,,,,o#.......oK5.....,,,,*,,,,*
,,,,,,...o...ooKS#..##*,,*,*,*,**
,,,,,,...##...#Ko#.##**,,*,*,#.##
*,,,,,..o##...#o@#...,,,,,,,,....
**,,,,...##...##o#.##**,,*,,.#...
,**,,,...............**,,,,,.....
,,',,,...##.#o.#.#...,,,,,,,..M..
,,',*,,,,,.oo..#.#.#****,,,,....M
,,',,,,,,,,,..,..#,#*###.....#...
,****,,****.##,###,,,,....,^.....
** *,,* #.**,* *,***#..#*#.....
** *,,* *,**,* #,* #..#_#.....


You could see Pikel, a kobold brigand, 3 lemures, an orc wizard, an adder, 7
orcs and 3 kobolds.

Vanquished Creatures
  A sky beast (D:5)
  2 ogres (D:5)
  A lemure (D:6)
  A centaur (D:5)
  A phantom (D:4)
  4 scorpions
  A bombardier beetle (D:4)
  A hound (D:4)
  A jelly (D:6)
  5 iguanas
  Ijyb (D:3)
  2 orc wizards (D:5)
  8 adders
  4 gnolls (D:4)
  2 ufetubi (D:5)
  A dart slug (D:1)
  2 ribbon worms
  10 orcs
  3 bats (D:1)
  5 endoplasms
  5 giant cockroaches
  4 goblins
  9 hobgoblins
  2 quokkas
  5 ball pythons
  14 frilled lizards
  9 kobolds
  3 rats
107 creatures vanquished.

Notes
Turn   | Place    | Note
-------+----------+-------------------------------------------
     0 | D:1      | CrazyMind the Deep Elf Earth Elementalist began the quest
                  | for the Orb.
     0 | D:1      | Reached XP level 1. HP: 10/10 MP: 6/6
   191 | D:1      | Reached XP level 2. HP: 15/15 MP: 6/8
   359 | D:1      | Reached skill level 4 in Earth Magic
   896 | D:2      | Reached XP level 3. HP: 19/19 MP: 6/9
   900 | D:2      | Learned a level 3 spell: Passwall
  1516 | D:2      | Found Litusyob's Weapon Shoppe.
  1598 | D:2      | Reached XP level 4. HP: 24/24 MP: 6/11
  1602 | D:2      | Learned a level 3 spell: Stone Arrow
  1846 | D:3      | Noticed Ijyb
  2009 | D:3      | Found an iron altar of Okawaru.
  2272 | D:3      | Killed Ijyb
  2273 | D:3      | Reached skill level 5 in Earth Magic
  2386 | D:3      | Found a shadowy altar of Dithmenos.
  2691 | D:4      | Noticed a scorpion
  2708 | D:4      | Noticed a scorpion
  2812 | D:4      | Reached XP level 5. HP: 23/28 MP: 7/13
  3024 | D:4      | Reached skill level 5 in Spellcasting
  3024 | D:4      | Reached XP level 6. HP: 20/32 MP: 8/15
  3098 | D:4      | Reached skill level 6 in Earth Magic
  3375 | D:4      | Found Zin's Purification Station.
  3378 | D:4      | Found a glowing silver altar of Zin.
  3889 | D:4      | Reached XP level 7. HP: 36/36 MP: 12/17
  4026 | D:5      | Entered Level 5 of the Dungeon
  4092 | D:5      | Reached skill level 7 in Earth Magic
  4549 | D:5      | Found an ornate altar of the Wu Jian Council.
  4549 | D:5      | Found a sparkling altar of Nemelex Xobeh.
  4553 | D:5      | Found a sacrificial altar of Ru.
  4566 | D:5      | Found an opulent altar of Gozag.
  4570 | D:5      | Found a bloodstained altar of Trog.
  4581 | D:5      | Became a worshipper of Gozag Ym Sagoz the Greedy
  5506 | D:5      | Reached XP level 8. HP: 41/41 MP: 14/21
  5585 | D:5      | Learned a level 4 spell: Brom's Barrelling Boulder
  5601 | D:5      | Reached skill level 8 in Earth Magic
  5745 | D:6      | Noticed Menkaure
  5799 | D:6      | Noticed Pikel
  5819 | D:6      | Mangled by Pikel

Illustrated notes

Levels and vault maps discovered:
D:1:      amcnicky_arrival_abandoned_market, layout_basic
D:2:      layout_basic, serial_shops, nicolae_shop_bloodbath_and_beyond
D:3:      layout_loops_ring, general_overflow_altar,
          mainiacjoe_overflow_brackets, uniq_ijyb
D:4:      layout_loops_ring, zin_purify, nrook_mini_backslash,
          minmay_lizard_king
D:5:      nicolae_cairo_tiling, layout_basic, grunt_temple_overflow_open
D:6:      layout_basic, kennysheep_mini_moat, overflow_temple_1_default,
          minmay_temple_entry_mist, gup_sewer_entry_bowl,
          kennysheep_windowed_goal, uniq_menkaure, uniq_pikel

Skill      XL: |  1  2  3  4  5  6  7  8 |
---------------+-------------------------+-----
Earth Magic    | 4 5 6 7 8 |  8.0
Conjurations   | 2 3 4 |  4.0
Spellcasting   | 4 5 7 |  7.6
Stealth        | 3 |  3.8
Fighting       | |  0.1
Dodging        | |  2.7

Action                     |  1- 3 |  4- 6 |  7- 9 || total
---------------------------+-------+-------+-------++-------
  Melee: Unarmed           |     2 |       |       ||     2
         Dagger            |     3 |     3 |     1 ||     7
  Throw: Boomerang         |     2 |     6 |     4 ||    12
   Cast: Sandblast         |    49 |    81 |    25 ||   155
         Stone Arrow       |       |     5 |     8 ||    13
         Passwall          |       |       |     1 ||     1
         Brom's Barrelling |       |       |     3 ||     3
    Use: Potion            |       |     1 |     3 ||     4
         Scroll            |       |       |    13 ||    13
   Stab: Sleeping          |     5 |     2 |     1 ||     8
 Armour: Robe              |     7 |    26 |    18 ||    51
  Dodge: Dodged            |    10 |    27 |    27 ||    64
